 Dungeon Crawl Stone Soup version 0.29.0-11-gd7f09526c8 (webtiles) character file.

Game seed: 17382493261379094839

7 greasedhog the Trooper (level 1, -4/17 HPs)
             Began as a Vampire Abyssal Knight on Sept 3, 2022.
             Was a Believer of Lugonu.
             Slain by Terence
             ... wielding a +1 vorpal flail
              (12 damage)
             ... on level 2 of the Dungeon.
             The game lasted 00:00:38 (722 turns).

greasedhog the Trooper (Vampire Abyssal Knight)      Turns: 722, Time: 00:00:38

Health: -4/17      AC:  3    Str: 12    XL:     1   Next: 83%
Magic:  2/2        EV: 12    Int: 12    God:    Lugonu [**....]
Gold:   46         SH:  0    Dex: 14    Spells: 0/0 levels left

rFire   . . .      SeeInvis +   a - +1 short sword
rCold   . . .      Faith    .   (no shield)
rNeg    . . .      Spirit   .   b - +0 leather armour
rPois   .          Reflect  .   (no helmet)
rElec   .          Harm     .   (no cloak)
rCorr   .          Rampage  .   (no gloves)
Will    .....                   (no boots)
Stlth   ++........              (no amulet)
HPRegen 0.25/turn               (no ring)
MPRegen 0.08/turn               (no ring)

@: healing quickly
A: alive, fangs 3, see invisible, vampiric 1
a: Exsanguinate, Renounce Religion, Depart the Abyss, Bend Space


You were on level 2 of the Dungeon.
You worshipped Lugonu.
Lugonu was pleased with you.
You visited 1 branch of the dungeon, and saw 2 of its levels.
You visited the Abyss 1 time.

You collected 46 gold pieces.

Inventory:

Hand Weapons
 a - a +1 short sword (weapon)
Armour
 b - a +0 leather armour (worn)
Scrolls
 e - a scroll of teleportation {unknown}
 g - a scroll of immolation {unknown}
Potions
 c - a potion of might {unknown}
 d - a potion of lignification {unknown}
 f - a potion of ambrosia {unknown}
 h - 2 potions of curing {unknown}
 i - a potion of brilliance {unknown}
 j - a potion of degeneration {unknown}


   Skills:
 - Level 2.6 Fighting
 * Level 2.5 Short Blades
 - Level 0.7 Armour
 - Level 2.1 Dodging
 * Level 1.6 Stealth
 - Level 1.5 Invocations


You couldn't memorise any spells.
You didn't know any spells.
Your spell library was empty.

Dungeon Overview and Level Annotations

Branches:
Dungeon (2/15)

Altars:

Annotations:
D:2 Terence


Innate Abilities, Weirdness & Mutations

Your natural rate of healing is accelerated.
You have razor-sharp teeth.
You have supernaturally acute eyesight. (SInv)
You are afflicted with vampirism.


Message History

A kobold comes into view. It is wielding a +0 short sword.
A kobold is nearby!
An endoplasm comes into view.
Found 8 stones.
The endoplasm quivers.
Found a whip.
The endoplasm freezes you.
You are frozen.
You hit the endoplasm.
The endoplasm is heavily wounded.
The kobold shouts!
The endoplasm freezes you.
You are frozen.
Terence the Incautious comes into view.
He is wielding a +1 vorpal flail.
You hit the endoplasm.
You kill the endoplasm!
Lugonu accepts your kill.
An adder comes into view.
A quokka comes into view.
Terence drinks a potion.
Terence suddenly seems more resistant.
You closely miss the kobold. The kobold barely misses you.
You hit the adder. Your bite misses the adder.
The adder is lightly wounded.
The adder barely misses you.
The kobold hits you with a +0 short sword.
You hit the adder.
The adder is moderately wounded.
The adder bites you. The kobold misses you.
You closely miss the adder. You punch the adder, but do no damage.
You bite the adder.
The adder is severely wounded.
The adder barely misses you. The quokka closely misses you.
The kobold misses you. The adder bites you but does no damage.
Terence hits you with a +1 vorpal flail.
You are too injured to fight recklessly!
You are too injured to fight recklessly!
Terence attacks as you move away!
Terence hits you with a +1 vorpal flail!
Ouch! That really hurt!
You die...

.......#.# .....
########.# ......
.........# ######..(...
..######## #....#......
#.#####
#####.##.#......
#...†.#
#.....##........
#####.#
#...............
#.###.)............)
#..###'##..@@..#####
##.##..###.....SKr.#
#..........#..........
#....#.#####.##..#.####
#....#.# #.#...#.#
.....#.# ........#
.....#.# ##.#.#.###
.....#.# ..#.. ... #.#


You could see Terence (resistant), an adder, a quokka and a kobold.

Vanquished Creatures
  3 ball pythons
  An endoplasm (D:2)
  A goblin (D:1)
  A kobold (D:1)
6 creatures vanquished.

Notes
Turn   | Place    | Note
-------+----------+-------------------------------------------
     0 | Abyss:1  | greasedhog the Vampire Abyssal Knight began the quest for
                  | the Orb.
     0 | Abyss:1  | Reached XP level 1. HP: 17/17 MP: 2/2
     1 | D:1      | Escaped the Abyss
   335 | D:1      | Reached skill level 1 in Stealth
   714 | D:2      | Noticed Terence
   722 | D:2      | Slain by Terence

Illustrated notes

Levels and vault maps discovered:
D:1:      dpeg_arrival_short_road, layout_basic, minmay_misc_feat_encased
D:2:      layout_basic, hellmonk_ecumenical_altar_inner_sanctum, basic_altar,
          uniq_terence

Skill      XL: |  1 |
---------------+----+-----
Stealth        | 1 |  1.6
Fighting       | |  2.6
Short Blades   | |  2.5
Armour         | |  0.7
Dodging        | |  2.1
Invocations    | |  1.5

Action                   || total
-------------------------++-------
Melee: Short sword       ||    23
       Bite              ||     3
       Punch             ||     1
  Use: Scroll            ||     2
Armor: Leather armour    ||     2
Dodge: Dodged            ||    17
